 Dungeon Crawl Stone Soup version 0.32-a0-898-g7811c86cf0 (webtiles) character file.

Game seed: 2417166786412331723

119665 xianbchi the Crack Shot (level 16, 0/107 HPs)
             Began as a Tengu Hunter on Apr 5, 2024.
             Was the Champion of Fedhas.
             Slain by a +2 heavy glaive (36 damage)
             ... on level 1 of the Elven Halls.
             The game lasted 01:04:41 (22009 turns).

xianbchi the Crack Shot (Tengu Hunter)             Turns: 22009, Time: 01:04:42

Health: 0/107      AC: 15    Str: 16    XL:     16   Next: 80%
Magic:  22/25      EV: 40    Int:  4    God:    Fedhas [******]
Gold:   1719       SH:  0    Dex: 38    Spells: 15/15 levels left

rFire   + + +        e - +7 longbow of the Forging Owl {freeze, rPois SInv}
rCold   x . .        (shield currently unavailable)
rNeg    + . .        D - +1 acid dragon scales of New Discoveries {rF+ rCorr Dex+3 SInv Stlth-}
rPois   +            p - +2 hat {Will+}
rElec   +            K - +1 cloak "Xapuunit" {rF++ Will++ Int-5}
rCorr   +            X - +1 pair of gloves {Str+3}
SInv    +            (boots unavailable)
Will    +++++        S - amulet of the Air {Inacc Air Fly rElec RMsl}
Stlth   ++++         Y - ring of the Jester {rN+ Will+ Dex+4 SInv Stlth+}
HPRegen 0.37/turn    C - ring of Xasoamn {rElec rPois rC- Dex+6}
MPRegen 0.19/turn

%: inaccuracy (-5), repel missiles, acrobat
@: acrobatic, flying
A: beak, talons 3, evasive flight, acrobatic
a: Renounce Religion, Wall of Briars, Grow Ballistomycete, Overgrow, Grow Oklob


You were on level 1 of the Elven Halls.
You worshipped Fedhas.
Fedhas was exalted by your worship.
You visited 5 branches of the dungeon, and saw 25 of its levels.
You also visited: Ossuary, Bailey, Gauntlet and Ice Cave.

You collected 3134 gold pieces.
You spent 1415 gold pieces at shops.

Inventory:

Hand Weapons
 e - the +7 longbow of the Forging Owl (weapon) {freeze, rPois SInv}
   (You acquired it on level 6 of the Dungeon)

   rPois:     It protects you from poison.
   SInv:      It lets you see invisible.
 A - the +9 lance "Wyrmbane" {slay drac, rPois rF+ rC+ AC+3}
   (You took it off Maggie on level 8 of the Dungeon)

   AC+3:      It affects your AC (+3).
   rF+:       It protects you from fire.
   rC+:       It protects you from cold.
   rPois:     It protects you from poison.
Missiles
 R - 7 atropa-tipped darts
Armour
 p - a +2 hat of willpower (worn)
 y - the +0 steam dragon scales of Xoighude {rC+ Str+4}
   (You found it in a bailey)

   Str+4:     It affects your strength (+4).
   rC+:       It protects you from cold.
 D - the +1 acid dragon scales of New Discoveries (worn) {rF+ rCorr Dex+3 SInv Stlth-}
   (You found it in a bailey)

   Dex+3:     It affects your dexterity (+3).
   rF+:       It protects you from fire.
   SInv:      It lets you see invisible.
   rCorr:     It protects you from acid and corrosion.
   Stlth-:    It makes you less stealthy.
 K - the +1 cloak "Xapuunit" (worn) {rF++ Will++ Int-5}
   (You found it on level 14 of the Dungeon)

   Int-5:     It affects your intelligence (-5).
   rF++:      It greatly protects you from fire.
   Will++:    It greatly increases your willpower.
 X - a +1 pair of gloves of strength (worn)
Jewellery
 C - the ring of Xasoamn (right hand) {rElec rPois rC- Dex+6}
   (You found it on level 9 of the Dungeon)

   [ring of dexterity]

   Dex+6:     It affects your dexterity (+6).
   rC-:       It makes you vulnerable to cold.
   rElec:     It insulates you from electricity.
   rPois:     It protects you from poison.
 M - a +4 ring of slaying
 S - the amulet of the Air (around neck) {Inacc Air Fly rElec RMsl}
   (You found it in a Gauntlet)

   [amulet of nothing]

   Inacc:     It reduces the accuracy of your attacks and spells.
   Air:       It enhances your air magic.
   rElec:     It insulates you from electricity.
   Fly:       It grants you flight.
   RMsl:      It protects you from missiles.
 Y - the ring of the Jester (left hand) {rN+ Will+ Dex+4 SInv Stlth+}
   (You found it in a Gauntlet)

   [ring of see invisible]

   Dex+4:     It affects your dexterity (+4).
   rN+:       It protects you from negative energy.
   Will+:     It increases your willpower.
   SInv:      It lets you see invisible.
   Stlth+:    It makes you more stealthy.
 Z - the amulet of Virtue {Spirit Fly rElec rPois Int-2}
   (You found it in a Gauntlet)

   [amulet of guardian spirit]

   Spirit:    It causes incoming damage to be divided between your reserves of
   health and magic.
   Int-2:     It affects your intelligence (-2).
   rElec:     It insulates you from electricity.
   rPois:     It protects you from poison.
   Fly:       It grants you flight.
Wands
 k - a wand of flame (8)
 n - a wand of charming (7)
 q - a wand of digging (13)
 t - a wand of iceblast (38)
 w - a wand of polymorph (8)
 V - a wand of light (5)
Scrolls
 b - 2 scrolls of butterflies
 i - 3 scrolls of blinking
 j - 5 scrolls of enchant weapon
 m - 10 scrolls of teleportation
 v - a scroll of fear
 F - 2 scrolls of immolation
 H - a scroll of torment {unknown}
 J - a scroll of amnesia {unknown}
 L - 2 scrolls of poison {unknown}
 N - a scroll of revelation
 O - a scroll of enchant armour {unknown}
 U - 3 scrolls of silence {unknown}
Potions
 a - 5 potions of magic
 d - 3 potions of berserk rage
 f - a potion of resistance
 g - 10 potions of heal wounds
 h - 5 potions of might
 o - 5 potions of enlightenment
 r - 10 potions of mutation
 u - 5 potions of brilliance
 x - 17 potions of curing
 B - 2 potions of invisibility
 E - 2 potions of cancellation
 G - 4 potions of haste
 P - 3 potions of attraction
Miscellaneous
 c - a lightning rod (4/4)
 z - a phial of floods
 W - a box of beasts


   Skills:
 + Level 14.8 Fighting
 + Level 22.1 Ranged Weapons
 + Level 6.7 Armour
 + Level 7.9 Dodging
 + Level 4.6 Stealth
 * Level 11.7 Invocations
 + Level 0.5 Evocations


You had 15 spell levels left.
You didn't know any spells.
Your spell library contained the following spells:

 Spells                   Type           Power      Damage    Failure   Level
 Apportation              Tloc           0%         N/A       58%         1
 Freeze                   Ice            0%         1d3       58%         1
 Magic Dart               Conj           0%         1d3       58%         1
 Necrotise                Necr           0%         1d4       58%         1
 Sting                    Conj/Alch      0%         1d3       58%         1
 Summon Small Mammal      Summ           0%         N/A       58%         1
 Blink                    Tloc           0%         N/A       75%         2
 Call Imp                 Summ           0%         N/A       75%         2
 Lesser Beckoning         Tloc           0%         N/A       75%         2
 Call Canine Familiar     Summ           0%         N/A       92%         3
 Frozen Ramparts          Ice            0%         1d1       92%         3
 Hailstorm                Conj/Ice       0%         3d5       92%         3
 Maxwell's Portable Pile  Tloc           0%         2d(5-13)  92%         3
 Ozocubu's Armour         Ice            0%         N/A       92%         3
 Sigil of Binding         Hex            0%         N/A       92%         3
 Teleport Other           Tloc           0%         N/A       92%         3
 Tukima's Dance           Hex            0%         N/A       92%         3
 Dimensional Bullseye     Hex/Tloc       0%         N/A       100%        4
 Leda's Liquefaction      Alch/Erth      0%         N/A       100%        4
 Passage of Golubria      Tloc           0%         N/A       100%        4
 Petrify                  Alch/Erth      0%         N/A       100%        4
 Lee's Rapid Deconstruct  Erth           0%         3d4*      100%        5
 Metabolic Englaciation   Hex/Ice        0%         N/A       100%        5
 Yara's Violent Unravell  Hex/Alch       0%         3d3       100%        5
 Permafrost Eruption      Ice/Erth       0%         2x4d1     100%        6


Dungeon Overview and Level Annotations

Branches:
Dungeon (15/15)            Temple (1/1) D:6            Lair (5/5) D:11
  Swamp (0/4) Lair:2        Snake (0/4) Lair:2        Slime (0/5) Lair:5
    Orc (2/2) D:9             Elf (2/3) Orc:2        Vaults (0/5) D:13
 Depths (0/4) D:15        Ossuary (visited)          Bailey (visited)
  IceCv (visited)         Gauntlet (visited)

Altars:
Ashenzari
Cheibriados
Dithmenos
Elyvilon
Fedhas
Gozag
Hepliaklqana
Kikubaaqudgha
Makhleb
Nemelex Xobeh
Okawaru
Qazlal
Ru
Sif Muna
Trog
Uskayaw
Vehumet
Wu Jian
Xom
Yredelemnul
Zin
The Shining One
Beogh
Jiyva
Lugonu

Shops:
D:2 **(!   D:3 :*   D:5 [   D:7 (*(*=   D:9 *   Orc:2 [![=!*

Portals:
Abyss: Lair:5

Annotations:
D:6 Dowan, Duvessa
D:11 1 exclusion
D:14 Kirke


Innate Abilities, Weirdness & Mutations

You have a beak for a mouth.
You have claws for feet.
Your magical flight helps you evade attacks. (EV +4)
You can magically evade attacks while moving or waiting.


Message History

The deep elf archer shoots an arrow.
The arrow completely misses you.
The deep elf archer hits you but does no damage.
The deep elf pyromancer casts a spell.
The deep elf pyromancer blinks!
The deep elf archer hits you but does no damage.
The thermic dynamo completely misses you. x2
You fly upwards.
There is a stone staircase leading down, spattered with blood here.
You shoot an arrow. The arrow hits the deep elf archer!
The arrow freezes the deep elf archer!
The deep elf archer is heavily wounded.
You shoot an arrow. The arrow is repelled.
The +2 heavy glaive hits you!! The deep elf archer barely misses you.
The thermic dynamo hits you but does no damage.
The thermic dynamo misses you.
The deep elf archer casts a spell at you.
You resist with almost no effort.
The deep elf archer completely misses you.
You shoot an arrow. The arrow hits the deep elf archer!!
The arrow freezes the deep elf archer!
You kill the deep elf archer!
Fedhas appreciates your contribution to the ecosystem.
The deep elf archer hits you with a +0 dagger!
The deep elf archer misses you. The thermic dynamo misses you.
The thermic dynamo barely misses you. The +2 heavy glaive hits you!!
You are too injured to fight recklessly!
You feel much better.
The deep elf archer points at you and mumbles some strange words.
You resist with almost no effort.
The deep elf archer mumbles some strange words.
The deep elf archer blinks!
The thermic dynamo misses you. x2
A briar patch grows up from the ground. x4
The +2 heavy glaive completely misses you.
The deep elf archer misses you.
The thermic dynamo hits you but does no damage.
The thermic dynamo hits you! The thermic dynamo freezes you!!
You feel a terrible chill!
You fly carefully through the plants.
The +2 heavy glaive hits you!!!
You die...
Fedhas appreciates your contribution to the ecosystem.

#.......# #...#
####'
#.......########...#
#.
#.......'......'..##
#.
#.......#########.#
#. #.......# ###
###' ##.....'##
##... ###'###.##
##.... #.# ##.######
##..... #.#
##[#@P.## ##......
#.# ##P>(..##
#....... #.#
#.Pev...#####.......
#.#
#.e[....+..^'.....).
#.#
#.......#####.......
#.# ##.....##
#....... ######'##
##...## ##.....)
#.......#
#############.....
##.......##
#.......##'#....


You could see 2 deep elf archers, a thermic dynamo and a +2 heavy glaive.

Vanquished Creatures
  A reaper (IceCv)
  An orc warlord (Orc:2)
  A minotaur (Gauntlet)
  A deep elf high priest (Elf:1)
  4 vault guards (D:13)
  5 hydras
  An ogre mage (D:15)
  2 death knights (D:15)
  6 centaur warriors
  2 boulder beetles
  9 two-headed ogres
  A deep troll earth mage (D:15)
  An orc high priest (Orc:2)
  3 thrashing horrors (Lair:5)
  Sonja (D:10)
  A deep elf knight (Elf:1)
  A skeletal warrior (D:13)
  Lodul (D:11)
  3 deep elf archers (Elf:1)
  2 skysharks
  A bog body (Lair:2)
  An arcanist (D:13)
  A harpy (shapeshifter) (Lair:5)
  15 deep elf pyromancers
  7 orc knights
  7 manticores
  7 deep elf zephyrmancers (Elf:1)
  3 orc sorcerers (Orc:2)
  18 ugly things
  3 cyclopes
  11 elephants
  5 black mambas
  3 kobold blastminers (Orc:2)
  6 meliai
  3 ice statues
  18 cane toads
  Maggie (D:8)
  An eye of devastation (Gauntlet)
  2 unseen horrors
  2 gargoyles
  3 large abominations
  5 torpor snails
  A rime drake (shapeshifter) (Elf:1)
  An unseen horror zombie (D:9)
  9 rime drakes
  An efreet (D:15)
  3 freezing wraiths
  6 komodo dragons
  6 ice devils (IceCv)
  4 yaktaurs (D:15)
  5 hornets
  4 polar bears
  3 trolls
  Grinder (D:3)
  25 blink frogs
  2 saltlings (Orc:2)
  2 raiju (Lair:5)
  Sigmund (D:2)
  11 slime creatures
  A vampire (D:12)
  3 shadows
  A ynoxinul (Lair:5)
  3 spriggans
  13 wyverns
  A water elemental (Elf:1)
  47 yaks
  A yak (shapeshifter) (Lair:5)
  A human (shapeshifter) (D:13)
  3 wargs (Orc:2)
  7 basilisks
  2 fire elementals (Elf:1)
  2 golden eyes (Gauntlet)
  4 humans (D:6)
  2 hogs (D:14)
  Eustachio (D:6)
  2 death yak simulacra (IceCv)
  Grum (Lair:1)
  2 steam dragons
  2 nagas (Lair:2)
  4 vampire mosquitoes
  3 chaos spawn (Lair:5)
  5 swamp worms (Lair:2)
  2 acid dragons
  13 water moccasins
  A meliai simulacrum (D:15)
  3 black bears
  2 ice beasts
  16 ogres
  21 orc warriors
  15 small abominations
  4 boggarts (Lair:3)
  7 wolves
  12 centaurs
  3 kobold brigands
  A phantom (D:4)
  8 bullfrogs
  An elf zombie (D:7)
  A gnoll sergeant (D:6)
  A brain worm (shapeshifter) (Lair:5)
  Blork the orc (D:5)
  4 scorpions
  A two-headed ogre simulacrum (IceCv)
  An elf skeleton (D:7)
  4 wights (D:7)
  2 elephant simulacra (IceCv)
  5 howler monkeys
  A centaur zombie (D:9)
  5 bullfrog zombies (Ossuary)
  A jelly (D:5)
  2 gnoll boudas (D:7)
  7 hounds
  A human zombie (D:7)
  16 orc priests
  4 iguanas
  19 orc wizards
  3 polar bear simulacra (IceCv)
  12 hell rats
  2 spriggan simulacra (IceCv)
  3 troll simulacra (IceCv)
  A wolf simulacrum (IceCv)
  2 killer bee zombies
  3 crocodile zombies (Ossuary)
  6 hound zombies (Ossuary)
  6 mummies (Ossuary)
  A howler monkey skeleton (D:9)
  3 howler monkey zombies (Ossuary)
  11 gnolls
  2 naga simulacra (IceCv)
  8 adders
  A shadow imp (D:6)
  4 white imps
  4 ufetubi
  5 ribbon worms
  7 dart slugs
  52 orcs
  5 bats
  9 endoplasms
  8 giant cockroaches
  9 goblins
  2 hobgoblins
  2 jackals (D:2)
  5 quokkas
  11 ball pythons
  4 ball python zombies (Ossuary)
  4 frilled lizards
  17 kobolds
  3 orc skeletons (D:7)
  4 rats
770 creatures vanquished.

Vanquished Creatures (collateral kills)
  2 shadows (Gauntlet)
  3 ballistomycete spores (Orc:2)
5 creatures vanquished.

Vanquished Creatures (others)
  2 deep elf knights (Elf:1)
  An oklob plant (Lair:4)
  2 ballistomycete spores (Orc:2)
5 creatures vanquished.

Grand Total: 780 creatures vanquished

Notes
Turn   | Place    | Note
-------+----------+-------------------------------------------
     0 | D:1      | xianbchi the Tengu Hunter began the quest for the Orb.
     0 | D:1      | Reached XP level 1. HP: 12/12 MP: 2/2
   150 | D:1      | Reached XP level 2. HP: 17/17 MP: 3/3
   379 | D:1      | Reached skill level 5 in Ranged Weapons
   455 | D:1      | Reached XP level 3. HP: 21/21 MP: 4/4
   471 | D:1      | Found a faded altar of an unknown god.
  1058 | D:2      | You fall into a shaft and drop 1 floor!
  1147 | D:3      | Reached XP level 4. HP: 26/26 MP: 5/5
  1191 | D:2      | Found Anijav Jiutt's General Store.
  1273 | D:2      | Bought a scroll of identify for 22 gold pieces
  1390 | D:2      | Found Niysa's Weapon Emporium.
  1442 | D:2      | Found Geiwk's Distillery.
  1455 | D:2      | Bought a potion of curing for 39 gold pieces
  1488 | D:2      | Reached skill level 6 in Ranged Weapons
  1500 | D:2      | Found Seyseet's Assorted Antiques.
  1534 | D:2      | Noticed Sigmund
  1543 | D:2      | Killed Sigmund
  1544 | D:2      | Reached skill level 7 in Ranged Weapons
  1544 | D:2      | Reached skill level 1 in Armour
  1544 | D:2      | Reached XP level 5. HP: 7/31 MP: 6/6
  1544 | D:2      | Reached XP level 6. HP: 9/36 MP: 7/7
  1993 | D:3      | Found Uschod's Book Shoppe.
  2010 | D:3      | Found Jykhlown's Assorted Antiques.
  2116 | D:3      | Noticed Grinder
  2128 | D:3      | Paralysed by Grinder for 4 turns
  2137 | D:3      | Paralysed by Grinder for 3 turns
  2143 | D:3      | Killed Grinder
  2144 | D:3      | Reached skill level 8 in Ranged Weapons
  2144 | D:3      | Gained mutation: Your magical flight helps you evade
                  | attacks. (EV +4) [Tengu growth]
  2144 | D:3      | Reached XP level 7. HP: 13/40 MP: 8/8
  2727 | D:4      | Reached skill level 9 in Ranged Weapons
  2918 | D:4      | Reached XP level 8. HP: 46/46 MP: 9/9
  3507 | D:2      | Bought a scroll labelled YRICVOSIDU for 25 gold pieces
  3507 | D:2      | Bought a scroll labelled WUNUOK IHUS for 25 gold pieces
  3555 | D:5      | Entered Level 5 of the Dungeon
  3569 | D:5      | Noticed Blork the orc
  3584 | D:5      | Killed Blork the orc
  3758 | D:5      | Found Zoili's Armour Shoppe.
  4006 | D:5      | Reached skill level 10 in Ranged Weapons
  4402 | D:6      | Noticed Duvessa
  4404 | D:6      | Noticed Dowan
  4418 | D:6      | HP: 2/48 [Duvessa/+0 short sword (7)]
  4587 | D:6      | Noticed Eustachio
  4619 | D:6      | Killed Eustachio
  4756 | D:6      | Found a burning altar of Makhleb.
  4840 | D:6      | Found a radiant altar of Vehumet.
  4846 | D:6      | Found a basalt altar of Yredelemnul.
  4846 | D:6      | Found a shimmering altar of Xom.
  4846 | D:6      | Found a stormy altar of Qazlal.
  4846 | D:6      | Found an ancient bone altar of Kikubaaqudgha.
  4847 | D:6      | Found a sacrificial altar of Ru.
  4850 | D:6      | Found a snail-covered altar of Cheibriados.
  4851 | D:6      | Found a broken altar of Ashenzari.
  4908 | D:6      | Reached skill level 11 in Ranged Weapons
  4908 | D:6      | Reached XP level 9. HP: 40/52 MP: 6/10
  4933 | D:6      | Reached skill level 5 in Fighting
  5297 | D:6      | Found a bloodstained altar of Trog.
  5349 | D:6      | Found a staircase to the Ecumenical Temple.
  5358 | Temple   | Entered the Ecumenical Temple
  5364 | Temple   | Became a worshipper of Fedhas Madash
  5446 | D:6      | Acquired the +7 longbow of the Forging Owl {freeze, rPois
                  | SInv}
  5467 | D:7      | Found Ranipp's General Store.
  5568 | D:7      | Reached skill level 12 in Ranged Weapons
  5621 | D:7      | Reached skill level 1 in Invocations
  5769 | D:7      | Found a sand-covered staircase.
  5777 | Ossuary  | Entered an ossuary
  5785 | Ossuary  | Reached * piety under Fedhas
  5945 | Ossuary  | Reached XP level 10. HP: 51/60 MP: 9/12
  6118 | Ossuary  | Reached ** piety under Fedhas
  6151 | Ossuary  | Reached skill level 13 in Ranged Weapons
  6271 | D:7      | Found Ittismie's Jewellery Shoppe.
  6327 | D:7      | Found Kuinef's Weapon Shoppe.
  6378 | D:7      | Found Oskunt's Antique Weapon Shop.
  6379 | D:7      | Found Yhuluw's General Store.
  6392 | D:7      | Bought 2 potions of curing for 72 gold pieces
  6392 | D:7      | Bought a scroll of identify for 24 gold pieces
  6969 | D:8      | Noticed Maggie
  6976 | D:8      | Killed Maggie
  7396 | D:9      | Reached *** piety under Fedhas
  7699 | D:9      | Found Toni's Gadget Gallery.
  7898 | D:9      | Bought a wand of iceblast (6) for 187 gold pieces
  7948 | D:9      | Reached skill level 14 in Ranged Weapons
  7948 | D:9      | Reached skill level 5 in Dodging
  7991 | D:9      | Reached XP level 11. HP: 23/68 MP: 5/15
  8232 | D:9      | Identified the ring of Xasoamn {rElec rPois rC- Dex+6}
  8256 | D:9      | Reached **** piety under Fedhas
  8275 | D:9      | Found a staircase to the Orcish Mines.
  8716 | D:10     | Entered Level 10 of the Dungeon
  8754 | D:10     | Found a flagged portal.
  8767 | Bailey   | Entered a bailey
  8884 | Bailey   | Identified the +0 steam dragon scales of Xoighude {rC+
                  | Str+4}
  8901 | Bailey   | Identified the +1 acid dragon scales of New Discoveries
                  | {rF+ rCorr Dex+3 SInv Stlth-}
  8928 | Bailey   | Noticed a two-headed ogre
  8932 | Bailey   | Killed a two-headed ogre
  9166 | D:10     | Noticed Sonja
  9168 | D:10     | Killed Sonja
  9169 | D:10     | Reached skill level 15 in Ranged Weapons
  9169 | D:10     | Reached skill level 5 in Invocations
  9576 | D:11     | Reached ***** piety under Fedhas
  9779 | D:11     | Reached XP level 12. HP: 75/75 MP: 17/17
  9787 | D:11     | Found a staircase to the Lair.
  9830 | D:11     | Noticed Lodul
  9833 | D:11     | Noticed a boulder beetle
  9851 | D:11     | Reached skill level 16 in Ranged Weapons
  9852 | D:11     | Killed Lodul
  9858 | D:11     | Killed a boulder beetle
 10082 | Lair:1   | Entered Level 1 of the Lair of Beasts
 10197 | Lair:1   | Noticed Grum
 10206 | Lair:1   | Killed Grum
 10570 | Lair:1   | Reached skill level 17 in Ranged Weapons
 10802 | Lair:2   | Found a transporter.
 10827 | Lair:2   | Identified the +8 sling of Upheaval {drain, Int+2}
 10849 | Lair:2   | Found a staircase to the Snake Pit.
 10931 | Lair:2   | Reached skill level 10 in Fighting
 10934 | Lair:2   | Found a snail-covered altar of Cheibriados.
 11078 | Lair:2   | Found a staircase to the Swamp.
 11083 | Lair:2   | Found a transporter.
 11124 | Lair:2   | Reached XP level 13. HP: 82/82 MP: 19/19
 11527 | Lair:2   | Identified the +1 pair of gloves "Ymour" {Int+3}
 11790 | Lair:3   | Reached skill level 18 in Ranged Weapons
 11790 | Lair:3   | Reached ****** piety under Fedhas
 11841 | Lair:3   | Found a frozen archway.
 11854 | IceCv    | Entered an ice cave
 12064 | IceCv    | Noticed a reaper
 12072 | IceCv    | Killed a reaper
 12221 | IceCv    | Identified the +1 ring mail of the Armoured One {Rampage
                  | Int+2}
 13109 | Lair:4   | Found the +4 robe of Folly {Brill Will-∞ Int+8}
 13204 | Lair:4   | Reached skill level 19 in Ranged Weapons
 13407 | Lair:4   | Reached XP level 14. HP: 90/90 MP: 21/21
 14071 | Lair:5   | Entered Level 5 of the Lair of Beasts
 14216 | Lair:5   | Reached skill level 5 in Armour
 14312 | Lair:5   | Acquired 507 gold pieces
 14467 | Lair:5   | Found a viscous altar of Jiyva.
 14467 | Lair:5   | Found a staircase to the Slime Pits.
 14577 | Lair:5   | Reached skill level 20 in Ranged Weapons
 14750 | Lair:5   | Found a corrupted altar of Lugonu.
 14750 | Lair:5   | Found a one-way gate to the infinite horrors of the Abyss.
 15495 | D:12     | Reached XP level 15. HP: 97/97 MP: 23/23
 15535 | D:12     | Found a broken altar of Ashenzari.
 16195 | D:13     | Found a gate to the Vaults.
 16253 | D:13     | Reached skill level 10 in Invocations
 17011 | D:14     | Reached skill level 21 in Ranged Weapons
 17089 | D:14     | Identified the +1 cloak "Xapuunit" {rF++ Will++ Int-5}
 17725 | D:14     | Noticed Kirke
 17764 | D:15     | Entered Level 15 of the Dungeon
 17765 | D:15     | Found a staircase to the Depths.
 17787 | D:15     | Found a gate leading to a gauntlet.
 17795 | Gauntlet | Entered a Gauntlet
 17795 | Gauntlet | Found the amulet of the Air {Inacc Air Fly rElec RMsl}
 17795 | Gauntlet | Found a large runed translucent door.
 17795 | Gauntlet | Found a large runed translucent door.
 17795 | Gauntlet | Found a large runed translucent door.
 17795 | Gauntlet | Found a large runed translucent door.
 17795 | Gauntlet | Found a runed translucent door.
 17795 | Gauntlet | Found a large runed translucent door.
 17795 | Gauntlet | Found a large runed translucent door.
 17795 | Gauntlet | Found a transporter.
 17795 | Gauntlet | Found a transporter.
 17795 | Gauntlet | Found a large runed translucent door.
 17795 | Gauntlet | Found a large runed translucent door.
 17795 | Gauntlet | Found a runed translucent gate.
 17795 | Gauntlet | Found a runed translucent gate.
 17795 | Gauntlet | Found a transporter.
 17795 | Gauntlet | Found a transporter.
 18008 | Gauntlet | Found a transporter.
 18008 | Gauntlet | Found a transporter.
 18018 | Gauntlet | Found a runed translucent door.
 18018 | Gauntlet | Found a runed translucent gate.
 18025 | Gauntlet | Found a large runed translucent door.
 18025 | Gauntlet | Found a large runed translucent door.
 18025 | Gauntlet | Found a large runed translucent door.
 18025 | Gauntlet | Found a large runed translucent door.
 18026 | Gauntlet | Found a large runed translucent door.
 18026 | Gauntlet | Found a large runed translucent door.
 18027 | Gauntlet | Found a large runed translucent door.
 18027 | Gauntlet | Found a large runed translucent door.
 18057 | Gauntlet | Found a transporter.
 18059 | Gauntlet | Found a transporter.
 18294 | Gauntlet | Found a transporter.
 18316 | Gauntlet | Identified the ring of the Jester {rN+ Will+ Dex+4 SInv
                  | Stlth+}
 18368 | Gauntlet | Found a transporter.
 18374 | Gauntlet | Found a transporter.
 18378 | Gauntlet | Found a transporter.
 18449 | Gauntlet | Identified the amulet of Virtue {Spirit Fly rElec rPois
                  | Int-2}
 19312 | D:15     | Reached XP level 16. HP: 105/105 MP: 25/25
 19388 | D:15     | Acquired a +2 hat of see invisible
 19889 | Orc:1    | Entered Level 1 of the Orcish Mines
 20202 | Orc:1    | You are sucked into a shaft and drop 1 floor!
 20202 | Orc:2    | Entered Level 2 of the Orcish Mines
 20403 | Orc:2    | Found Zoivosk's Armour Shop.
 20411 | Orc:2    | Bought a +2 hat of willpower for 294 gold pieces
 20570 | Orc:2    | Found Raomaupn's Distillery.
 20689 | Orc:2    | Found a roughly hewn altar of Beogh.
 20690 | Orc:2    | Found Wuaziv's General Store.
 20700 | Orc:2    | Bought a potion of degeneration for 14 gold pieces
 20703 | Orc:2    | Bought a potion of lignification for 42 gold pieces
 20704 | Orc:2    | Bought a potion of resistance for 140 gold pieces
 20704 | Orc:2    | Bought a potion of curing for 42 gold pieces
 20704 | Orc:2    | Bought 2 potions of curing for 84 gold pieces
 20784 | Orc:2    | Found Aneuneich's Antique Armour Shop.
 20903 | Orc:2    | Found Fionelyg's Jewellery Shoppe.
 21094 | Orc:2    | Found a staircase to the Elven Halls.
 21118 | Orc:2    | Found Haleell's Distillery.
 21126 | Orc:2    | Bought a potion of curing for 45 gold pieces
 21126 | Orc:2    | Bought a potion of might for 60 gold pieces
 21126 | Orc:2    | Bought a potion of curing for 45 gold pieces
 21126 | Orc:2    | Bought a potion of curing for 45 gold pieces
 21126 | Orc:2    | Bought a potion of attraction for 45 gold pieces
 21126 | Orc:2    | Bought a potion of curing for 45 gold pieces
 21126 | Orc:2    | Bought a potion of invisibility for 120 gold pieces
 21249 | Elf:1    | Entered Level 1 of the Elven Halls
 21458 | Elf:1    | Reached skill level 22 in Ranged Weapons
 22009 | Elf:1    | Slain by a +2 heavy glaive

Illustrated notes

Levels and vault maps discovered:
D:1:      dpeg_arrival_round_a, layout_loops_corners,
          dreamdust_ecumenical_altar_angels_and_demons
D:2:      layout_basic, serial_shops, shop, shop,
          nicolae_shop_industrial_runoff, shop_statue, uniq_sigmund
D:3:      layout_loops_ring, serial_shops, nicolae_shop_stone, shop, hex_large,
          uniq_grinder
D:4:      layout_cave_pods
D:5:      layout_gridville, serial_shops, shop_fountains, uniq_blork_the_orc
D:6:      layout_rooms, kennysheep_little_box, minitemple,
          minmay_temple_entry_mist, minivault_27, minmay_ruffians,
          uniq_eustachio, uniq_duvessa
D:7:      layout_basic, serial_shops, shop, nicolae_shop_pleasant_corner_grove,
          nicolae_shop_tiny_real_fake_doors, shop,
          nicolae_shop_competitors_out_of_business,
          nicolae_ossuary_entry_catacombs, kennysheep_generic_room_5
D:8:      layout_loops_cross, uniq_maggie
D:9:      layout_irregular_city, hiddenorc2_lemuel, hangedman_weighted_door,
          nicolae_shop_gadgets
D:10:     layout_irregular_city, enter_bailey_3, uniq_sonja
D:11:     layout_big_octagon, lair_entry_dummy, uniq_lodul
D:12:     layout_irregular_city, grunt_decor_arrowhead, ashenzari_altar_1
D:13:     layout_basic, lightli_vaults_fourway_checkpoint
D:14:     layout_irregular_city, kennysheep_flooded_box, dk_noncrumbling_2,
          minmay_mirror_moons_of_madness, uniq_kirke
D:15:     hellmonk_depths_entry_around_the_bend, layout_cave_pools,
          gauntlet_entry_generic
Temple:   nicolae_temple_bog_church
Lair:1:   layout_long_grid, beast_lair_carwin_6, uniq_grum
Lair:2:   gammafunk_worm_tunnel, layout_long_grid, skrybe_swamp_entry_bodies,
          guppyfry_snake_entry_island, kennysheep_snail_temple
Lair:3:   layout_big_grid, portal_ice_cave_entry_pillars_2,
          kilobyte_rumbling_trees
Lair:4:   layout_long_grid, special_room [special_room_mythical_zoo],
          dreamdust_deal_with_the_devil, dreamdust_mushroom_princess
Lair:5:   hellmonk_lair_end_abyssal_woods, layout_cave_pods, slime_entry_1
Orc:1:    layout_diamond_mine
Orc:2:    hellmonk_orc_salted, layout_diamond_mine, serial_shops, shop, shop,
          special_room
Elf:1:    nicolae_elf_arrival_fired_up, layout_geoelf_octagon,
          kennysheep_underground_church
Elf:2:    elven_hall_of_blades_hangedman_original [nicolae_blade_bullseye],
          layout_geoelf_grid, lemuel_upstairs_altar

Skill      XL: |  1  2  3  4  5  6  7  8  9 10 11 12 13 14 15 16 |
---------------+-------------------------------------------------+-----
Ranged Weapons | 5 7 8 9 11 12 14 15 17 19 20 21 22 | 22.1
Armour         | 1 2 3 4 5 6 |  6.7
Dodging        | 3 4 5 6 7 |  7.9
Fighting       | 3 4 5 7 8 10 11 12 13 14 | 14.8
Invocations    | 2 4 5 7 8 9 10 11 | 11.7
Stealth        | 2 3 4 |  4.6
Evocations     | |  0.5

Action                     |  1- 3 |  4- 6 |  7- 9 | 10-12 | 13-15 | 16-18 || total
---------------------------+-------+-------+-------+-------+-------+-------++-------
   Fire: Shortbow          |    82 |   113 |   327 |       |       |       ||   522
         Longbow           |       |       |   110 |   486 |   878 |   300 ||  1774
 Invoke: Wall of Briars    |       |       |       |       |     1 |     2 ||     3
         Overgrow          |       |       |       |       |     3 |       ||     3
         Grow Ballistomyce |       |       |       |       |       |     1 ||     1
  Evoke: Wand              |       |       |     3 |       |       |       ||     3
    Use: Scroll            |       |     2 |     9 |     8 |     7 |     2 ||    28
         Potion            |       |       |     4 |       |     3 |     2 ||     9
 Armour: Leather armour    |     9 |    28 |    88 |    14 |       |       ||   139
         Steam dragon scal |       |       |       |    56 |       |       ||    56
         Acid dragon scale |       |       |       |    14 |   170 |    43 ||   227
         Skin              |       |       |       |       |     4 |       ||     4
  Dodge: Dodged            |    14 |    28 |   167 |   169 |   322 |    80 ||   780
         Repelled          |       |       |       |       |     1 |    11 ||    12

Table legend: (Time is in decaauts)
 A = Elapsed time spent in this place.
 B = Non-inter-level travel time spent in this place.
 C = Inter-level travel time spent in this place.
 D = Time resting spent in this place.
 E = Time spent auto-exploring this place.
 F = Levels seen in this place.
 G = Mean time per level.
                   A        B        C        D        E       F      G
               +--------+--------+--------+--------+--------+-----+--------+
         Total |  21813 |  20646 |   1167 |    159 |  15710 |  29 |  752.2 |
       Dungeon |  12721 |  11879 |    842 |    152 |   9385 |  15 |  848.1 |
        Temple |     12 |     12 |      0 |      0 |      0 |   1 |   12.0 |
          Lair |   4567 |   4340 |    227 |      7 |   3435 |   5 |  913.4 |
  Orcish Mines |   1322 |   1294 |     28 |      0 |   1042 |   2 |  661.0 |
   Elven Halls |    739 |    670 |     69 |      0 |    531 |   2 |  369.5 |
       Ossuary |    440 |    440 |      0 |      0 |    297 |   1 |  440.0 |
        Bailey |    200 |    200 |      0 |      0 |     60 |   1 |  200.0 |
      Ice Cave |    625 |    625 |      0 |      0 |    443 |   1 |  625.0 |
      Gauntlet |   1185 |   1185 |      0 |      0 |    515 |   1 | 1185.0 |
               +--------+--------+--------+--------+--------+-----+--------+

Top non-repeatable levels by time:
     D:6: 1198 daAuts
Gauntlet: 1185 daAuts
     D:9: 1181 daAuts
  Lair:5: 1149 daAuts
     D:1: 1067 daAuts
  Lair:4: 1053 daAuts
   Orc:2: 1016 daAuts
    D:13: 985 daAuts
     D:4: 953 daAuts
  Lair:2: 907 daAuts
     D:8: 906 daAuts
     D:2: 813 daAuts
    D:14: 785 daAuts
     D:7: 759 daAuts
     D:3: 754 daAuts
